 Dungeon Crawl Stone Soup version 0.18.1-48-g4cf74bf (webtiles) character file.

258491 Crag the Executioner (level 20, -2/195 HPs)
             Began as a Hill Orc Fighter on Aug 24, 2016.
             Was an Initiate of Gozag.
             Killed from afar by a deep elf annihilator (10 damage)
             ... with a poison arrow
             ... on level 3 of the Elven Halls on Aug 26, 2016.
             The game lasted 04:18:52 (49985 turns).

Crag the Executioner (Hill Orc Fighter)            Turns: 49985, Time: 04:18:53

Health: -2/195     AC: 41    Str: 33    XL:     20   Next: 29%
Magic:  0/27       EV:  9    Int:  7    God:    Gozag
Gold:   8833       SH: 13    Dex: 18    Spells: 0 memorised, 19 levels left

rFire  + . .     SeeInvis .     a - +11 broad axe of Xabran {chop, *Noise rPois rN+ Stlth+}
rCold  x . .     Gourm    .     Q - +9 armour of the Dragon King {rPois rF+ rC+ MR+}
rNeg   + . .     Faith    .     N - +2 shield {reflect}
rPois  +         Spirit   +     j - +0 helmet
rElec  +         Dismiss  .     g - +0 cloak
rCorr  .         Reflect  +     f - +1 pair of gloves {Dex+3}
SustAt .         Harm     .     n - +2 pair of boots of Vuqiniq {+Fly rPois rC- Dex+4}
MR     ++...     Rnd*Tele +     E - amulet of guardian spirit
Stlth  ..........               z - ring "Isikuabb" {EV+3 Dex+2}
                                y - ring "Wewnec" {rC- Str+6 Int+3}

@: lethally poisoned (-2 -> -6), gold aura, drained, very resistant to hostile
enchantments, extremely unstealthy
A: clumsy 1, dopey 2, electricity resistance, teleportitis 1, subdued magic 1,
MP-powered wands
a: Potion Petition, Call Merchant, Bribe Branch, Renounce Religion, Evoke Flight
}: 1/15 runes: abyssal


You were on level 3 of the Elven Halls.
You worshipped Gozag.
Gozag was noncommittal.
You were full.

You visited 9 branches of the dungeon, and saw 38 of its levels.
You visited the Abyss 1 time.
You also visited: Labyrinth.

You collected 15119 gold pieces.
You spent 5481 gold pieces at shops.
You paid 805 gold pieces to Gozag.

Inventory:

Hand Weapons
 a - the +11 broad axe of Xabran (weapon) {chop, *Noise rPois rN+ Stlth+}
   (You found it on level 2 of the Lair of Beasts)

   It inflicts extra damage upon your enemies.
   It protects you from poison.
   It protects you from negative energy.
   It may make noises in combat.
   It makes you more stealthy.
Armour
 f - a +1 pair of gloves of dexterity (worn)
 g - a +0 cloak (worn)
 i - the +1 pair of gloves "Maymog" {rN+ Int+4}
   (You found it on level 1 of the Orcish Mines)

   It affects your intelligence (+4).
   It protects you from negative energy.
 j - a +0 helmet (worn)
 n - the +2 pair of boots of Vuqiniq (worn) {+Fly rPois rC- Dex+4}
   (You found it on level 2 of the Elven Halls)

   It affects your dexterity (+4).
   It makes you vulnerable to cold.
   It protects you from poison.
   It lets you fly.
 s - a +1 pair of gloves
 A - a +1 pair of boots
 N - a +2 shield of reflection (worn)
 Q - the +9 armour of the Dragon King (worn) {rPois rF+ rC+ MR+}
   (You bought it in a shop on level 2 of the Orcish Mines)

   It protects you from fire.
   It protects you from cold.
   It protects you from poison.
   It affects your resistance to hostile enchantments.
Rods
 b - a +1 iron rod (13/13)
   (You took it off a minotaur in a labyrinth)
 D - a +4 rod of ignition (12/12)
   (You bought it in a shop on level 8 of the Dungeon)
Jewellery
 y - the ring "Wewnec" (left hand) {rC- Str+6 Int+3}
   (You bought it in a shop on level 12 of the Dungeon)

   [ring of intelligence]

   It affects your strength (+6).
   It affects your intelligence (+3).
   It makes you vulnerable to cold.
 z - the ring "Isikuabb" (right hand) {EV+3 Dex+2}
   (You bought it in a shop on level 12 of the Dungeon)

   [ring of evasion]

   It affects your evasion (+3).
   It affects your dexterity (+2).
 E - an amulet of guardian spirit (around neck)
Wands
 d - a wand of teleportation (4/9)
 e - a wand of heal wounds (1/9)
 h - a wand of slowing (30/48)
Scrolls
 r - 8 scrolls of identify
 v - a scroll of amnesia
 L - 4 scrolls of remove curse
 S - a scroll of fear
 V - a scroll of fog
 W - 4 scrolls of teleportation
Potions
 c - a potion of brilliance
 l - 2 potions of agility
 m - 2 potions of cancellation
 o - 5 potions of curing
 t - 3 potions of invisibility
 u - 2 potions of flight
 G - 3 potions of might
 O - 2 potions of haste
Miscellaneous
 C - a lamp of fire
 H - a phial of floods
Comestibles
 x - 6 meat rations


   Skills:
 - Level 20.4(19.5) Fighting
 + Level 22.5(21.6) Axes
 - Level 20.0(19.1) Armour
 - Level 11.0(10.3) Dodging
 - Level 3.2(2.7) Shields
 - Level 10.0(9.3) Evocations


You had 19 spell levels left.
You didn't know any spells.

Dungeon Overview and Level Annotations

Branches:
Dungeon (15/15)            Temple (1/1) D:5            Lair (8/8) D:8
 Shoals (4/4) Lair:5        Snake (3/4) Lair:5        Slime (1/6) Lair:6
    Orc (2/2) D:9             Elf (3/3) Orc:2        Vaults (0/5) D:14
 Depths (1/5) D:15

Altars:
Ashenzari
Cheibriados
Dithmenos
Fedhas
Gozag
Kikubaaqudgha
Makhleb
Nemelex Xobeh
Okawaru
Pakellas
Qazlal
Ru
Sif Muna
Trog
Vehumet
Xom
Yredelemnul
Zin
Jiyva

Shops:
D:6 *   D:8 *   D:12 =   D:13 %   Orc:2 (**}   Elf:1 [   Elf:3 (

Portals:
Hell: Depths:1

Annotations:
Snake:3 Mara


Innate Abilities, Weirdness & Mutations

You are clumsy. (Dex -2)
You are very dopey. (Int -4)
You are resistant to electric shocks.
You are occasionally teleported next to monsters.
Your spells are a little easier to cast, but a little less powerful.
You expend magic power (3 MP) to strengthen your wands.


Message History

The deep elf annihilator blinks!
The deep elf high priest calls down the wrath of its god upon you.
Something smites you!
* * * LOW HITPOINT WARNING * * *
The deep elf annihilator casts a spell at you.
The iron shot hits you!
* * * LOW HITPOINT WARNING * * *
There is an escape hatch in the ceiling, spattered with blood here.
You see here a short sword.
The deep elf annihilator gestures at you while chanting.
Helpless, you fail to dodge the bolt of lightning.
You resist.
* * * LOW HITPOINT WARNING * * *
The deep elf annihilator is empowered by the deep elf high priest's aura!
The deep elf annihilator points at you and mumbles some strange words.
The poison arrow hits you!
You are poisoned.
You partially resist.
You die...
Your body crumbles into a pile of gold.

.######...# ##...[.##
.'....'...# #.....#
.#######.## ##'...## ##
#.# #### ##e#...# '#####
### #..### ##e###.##
#'##.### #....###$## #.#
##.....### #.....e'##
###
....P....####)....(..###
...PPPP.....#...@.e....#
..PP8PP..'.$'........###
..PPPPP..##.$...e..###
....P....####.....##
##.....##'###..##'#
####.#####.######.# #
### ##.## #.# # ##.##
#.# ## ### ##.###.#


You could see 3 deep elf annihilators and 2 deep elf high priests.

Vanquished Creatures
  Rupert (Lair:7)
  An acid blob (Lair:6)
  A deep elf blademaster (Elf:3)
  A deep elf master archer (Elf:3)
  The ghost of Avecon the Peltast, an adept MiBe of Trog (Elf:2)
  Kirke (Shoals:2)
  Ilsuiw (Shoals:4)
  A greater naga (Snake:3)
  Donald (Shoals:2)
  Aizul (Snake:1)
  5 deep elf sorcerers (Elf:3)
  The ghost of letownia the Slicer, a journeyman OpWz of Gozag (D:14)
  A deep elf elementalist (Elf:3)
  5 deep elf annihilators (Elf:3)
  The ghost of sonic the Arsonist, a journeyman DgFE (Lair:8)
  5 deep elf death magi
  4 merfolk javelineers (Shoals:4)
  A minotaur (Lab)
  6 merfolk impalers
  Josephine (Snake:1)
  A great orb of eyes (Lair:4)
  Harold (D:12)
  The ghost of Dickchan the Grappler, a journeyman NaBe of Trog (D:10)
  4 naga warriors
  An ice dragon (Lair:8)
  2 alligator snapping turtles
  4 merfolk avatars
  5 merfolk aquamancers (Shoals:4)
  11 hydras
  8 anacondas
  2 satyrs (Shoals:4)
  2 tengu warriors
  3 death knights
  18 death yaks
  Erolcha (Orc:1)
  3 naga sharpshooters (Snake:3)
  3 orc high priests (Orc:2)
  6 thrashing horrors
  The ghost of Drashi the Thaumaturge, a novice DrCj of Vehumet (D:9)
  7 deep elf knights
  A soul eater (Abyss:3)
  The ghost of mishamorgan the Destroyer, a novice HEWz of Sif Muna (Lair:1)
  A fire crab (Lair:8)
  6 shock serpents
  A shadow wraith (D:14)
  Sonja (Lair:4)
  2 salamander mystics (Snake:3)
  3 skeletal warriors
  2 fire crabs (shapeshifter)
  12 unseen horrors
  4 naga ritualists
  2 wizards
  An anaconda zombie (Abyss:3)
  16 sea snakes
  An orange crystal statue (Shoals:1)
  The ghost of oldnick the Skirmisher, a novice GrFi of Okawaru (D:12)
  4 deep elf archers
  9 hill giants
  2 lindwurms
  2 phantasmal warriors (D:15)
  4 necromancers (Elf:1)
  6 orc knights
  9 harpies
  6 fauns
  5 orc sorcerers (Orc:2)
  14 griffons
  3 mana vipers
  9 ugly things
  38 deep elf magi
  5 cyclopes
  11 manticores
  8 salamanders
  An ice statue (D:12)
  9 sirens
  3 centaur zombies
  7 naga magi
  9 elephants
  11 water nymphs
  6 gargoyles
  A guardian serpent (Snake:1)
  10 spiny frogs
  A smoke demon (Abyss:3)
  7 torpor snails
  Joseph (D:8)
  24 black mambas
  14 komodo dragons
  4 freezing wraiths
  A rime drake (shapeshifter) (D:14)
  2 rime drakes (Lair:7)
  A tengu conjurer (D:14)
  22 merfolk
  4 giant leeches (Lair:8)
  9 polar bears (Lair:8)
  Grinder (D:4)
  7 trolls
  4 wind drakes
  31 blink frogs
  3 raiju
  15 slime creatures
  A centaur simulacrum (D:15)
  8 snapping turtles
  3 large abominations
  3 shadows
  Sigmund (D:4)
  8 redbacks (D:12)
  2 air elementals
  A vampire (D:10)
  58 yaks
  7 water elementals
  6 wraiths
  3 fire elementals
  A ynoxinul (Abyss:3)
  6 basilisks
  9 humans
  3 wyverns
  3 hungry ghosts
  3 hogs (Shoals:2)
  7 vampire mosquitoes
  A steam dragon (D:10)
  18 hippogriffs
  Edmund (D:3)
  A mottled dragon (D:15)
  2 soldier ants
  18 water moccasins
  20 nagas
  8 hell hounds (Lair:8)
  5 wargs (Lair:8)
  12 porcupines
  15 black bears
  A swamp drake (D:9)
  5 sky beasts
  4 ice beasts
  30 orc warriors
  2 phantoms (D:8)
  5 wasps
  13 ogres
  5 eyes of draining
  16 centaurs
  15 wolves
  21 crocodiles
  3 big kobolds
  3 elf zombies (Elf:1)
  A small abomination (Abyss:3)
  Blork the orc (D:5)
  25 giant frogs
  2 wyvern zombies
  2 earth elementals
  A gnoll sergeant (D:10)
  A wyvern skeleton (D:7)
  2 scorpions
  6 wights
  3 jellies
  3 electric eels
  2 howler monkeys
  6 crimson imps
  A giant frog zombie (D:10)
  4 lava snakes (Lab)
  A quasit (D:5)
  16 two-headed ogre zombies
  25 hounds
  16 orc priests
  4 centaur skeletons
  A gnoll shaman (D:7)
  38 orc wizards
  Crazy Yiuf (D:6)
  Natasha (twice) (D:3 D:2)
  2 giant frog skeletons
  17 iguanas
  2 hell rats (Lair:6)
  11 worker ants
  26 sheep
  A killer bee zombie (D:7)
  A howler monkey zombie (D:8)
  10 gnolls
  13 adders
  69 river rats
  2 shadow imps
  An ooze (D:2)
  An adder skeleton (D:4)
  2 adder zombies
  26 worms
  A dart slug (D:1)
  11 giant geckos
  112 orcs
  3 ball pythons
  4 giant cockroaches
  4 goblins
  8 hobgoblins
  15 jackals
  21 kobolds
  3 quokkas
  2 bats
  4 giant newts
  10 rats
  15 fungi
  20 plants
1460 creatures vanquished.

Vanquished Creatures (others)
  A deep elf master archer (Elf:3)
  The ghost of Ebilmort the Scorcher, an adept OpFE of Vehumet (Lab)
  A deep elf annihilator (Elf:3)
  A merfolk javelineer (Shoals:4)
  22 dancing weapons
  A deep elf archer (Elf:3)
  A deep elf mage (Elf:3)
  2 bushes (D:10)
  40 fungi
  2 lurking horrors (Abyss:3)
  44 plants
116 creatures vanquished.

Grand Total: 1576 creatures vanquished

Notes
Turn   | Place    | Note
--------------------------------------------------------------
     0 | D:1      | Crag the Hill Orc Fighter began the quest for the Orb.
     0 | D:1      | Reached XP level 1. HP: 19/19 MP: 1/1
    31 | D:1      | Reached skill level 3 in Axes
   170 | D:1      | Reached XP level 2. HP: 26/26 MP: 2/2
   324 | D:1      | Reached skill level 4 in Axes
   632 | D:2      | Reached XP level 3. HP: 25/31 MP: 3/3
   689 | D:2      | Reached skill level 5 in Axes
   871 | D:2      | Reached XP level 4. HP: 38/39 MP: 4/4
  1029 | D:2      | Reached skill level 6 in Axes
  1612 | D:3      | Noticed Natasha
  1667 | D:3      | Killed Natasha
  1667 | D:3      | Reached XP level 5. HP: 43/45 MP: 5/5
  1672 | D:3      | Noticed Natasha
  1682 | D:2      | Killed Natasha
  1682 | D:2      | Reached skill level 7 in Axes
  2177 | D:4      | Got a twisted scale mail
  2183 | D:4      | Identified the +4 scale mail "Abemn" {Stlth+} (You found it on level 4 of the Dungeon)
  2212 | D:4      | Noticed Edmund
  2215 | D:4      | Noticed Sigmund
  2456 | D:3      | Killed Edmund
  2456 | D:3      | Reached XP level 6. HP: 26/52 MP: 6/6
  2572 | D:3      | Reached skill level 5 in Armour
  2654 | D:4      | Noticed Grinder
  2692 | D:3      | Reached skill level 1 in Dodging
  2812 | D:4      | Paralysed by Grinder for 3 turns
  2880 | D:4      | Killed Grinder
  2880 | D:4      | Reached XP level 7. HP: 49/59 MP: 7/7
  3207 | D:4      | Killed Sigmund
  3207 | D:4      | Reached skill level 8 in Axes
  3314 | D:4      | Reached skill level 9 in Axes
  3314 | D:4      | Reached XP level 8. HP: 66/66 MP: 8/8
  3407 | D:5      | Entered Level 5 of the Dungeon
  3428 | D:5      | Gained mutation: You regenerate slowly when monsters are visible. [potion of mutation]
  3428 | D:5      | Gained mutation: You are frail (-10% HP). [potion of mutation]
  3428 | D:5      | Gained mutation: You have large cloven feet. [potion of mutation]
  3481 | D:5      | Noticed Blork the orc
  3495 | D:5      | Killed Blork the orc
  3773 | D:5      | Reached skill level 10 in Axes
  4242 | D:5      | Found a staircase to the Ecumenical Temple.
  4431 | D:6      | Reached skill level 11 in Axes
  4480 | D:6      | Found a snail-covered altar of Cheibriados.
  4521 | D:6      | Found Rudoesum's Assorted Antiques.
  5203 | D:6      | Gained mutation: You have a pair of small antennae on your head. [potion of mutation]
  5203 | D:6      | Lost mutation: You have a pair of small antennae on your head. [potion of mutation]
  5427 | D:6      | Noticed Crazy Yiuf
  5433 | D:6      | Killed Crazy Yiuf
  5622 | D:7      | Reached skill level 12 in Axes
  5726 | D:7      | Reached XP level 9. HP: 62/63 MP: 9/9
  5879 | D:7      | Reached skill level 13 in Axes
  5922 | D:7      | Reached skill level 14 in Axes
  6388 | D:7      | Reached skill level 15 in Axes
  6432 | D:7      | Reached skill level 5 in Fighting
  6440 | D:7      | Reached XP level 10. HP: 60/72 MP: 10/10
  6664 | Temple   | Entered the Ecumenical Temple
  6672 | Temple   | Became a worshipper of Gozag Ym Sagoz the Greedy
  7039 | D:8      | Noticed Joseph
  7061 | D:8      | Killed Joseph
  7187 | D:8      | Found a staircase to the Lair.
  7389 | D:8      | Found Yhymonk's Assorted Antiques.
  7403 | D:8      | Found a stormy altar of Qazlal.
  7448 | D:8      | Reached skill level 5 in Dodging
  7864 | D:8      | Found a blossoming altar of Fedhas.
  7960 | D:9      | Killed an unseen horror
  8148 | D:9      | Noticed Drashi's ghost (novice DrCj)
  8189 | D:9      | Killed Drashi's ghost
  8535 | D:9      | Reached XP level 11. HP: 61/82 MP: 11/11
  8653 | D:9      | Reached skill level 1 in Evocations
  8740 | D:9      | Found a burning altar of Makhleb.
  8850 | D:9      | Found an iron altar of Okawaru.
  9160 | D:9      | Found a staircase to the Orcish Mines.
  9644 | D:10     | Entered Level 10 of the Dungeon
  9750 | D:10     | Noticed a hill giant
  9760 | D:10     | Noticed a hill giant
 10663 | D:10     | Reached skill level 5 in Evocations
 10694 | D:10     | Noticed a hill giant
 10700 | D:10     | Killed a hill giant
 10741 | D:10     | Noticed Dickchan's ghost (journeyman NaBe)
 10742 | D:10     | Killed a hill giant
 10754 | D:10     | Killed Dickchan's ghost
 11070 | D:10     | Killed a hill giant
 11070 | D:10     | Reached skill level 10 in Fighting
 12192 | D:11     | Noticed a death knight
 12192 | D:11     | Noticed a skeletal warrior
 12308 | Orc:1    | Entered Level 1 of the Orcish Mines
 12927 | Orc:1    | Noticed an orc knight
 12928 | Orc:1    | Noticed Erolcha
 12959 | Orc:1    | Killed an orc knight
 12959 | Orc:1    | Reached XP level 12. HP: 16/100 MP: 15/15
 12967 | Orc:1    | Killed Erolcha
 13340 | Orc:1    | Got a pair of slimy gloves
 13351 | Orc:1    | Identified the +1 pair of gloves "Maymog" {rN+ Int+4} (You found it on level 1 of the Orcish Mines)
 13465 | Orc:2    | Entered Level 2 of the Orcish Mines
 14816 | Orc:2    | Noticed a deep elf knight
 14817 | Orc:2    | Lost mutation: You are frail (-10% HP). [potion of cure mutation]
 14817 | Orc:2    | Lost mutation: You have large cloven feet. [potion of cure mutation]
 14817 | Orc:2    | Lost mutation: You regenerate slowly when monsters are visible. [potion of cure mutation]
 15121 | Lair:1   | Entered Level 1 of the Lair of Beasts
 15161 | Lair:1   | Noticed a six-headed hydra
 15176 | Lair:1   | Killed a ten-headed hydra
 15184 | Lair:1   | Noticed mishamorgan's ghost (novice HEWz)
 15561 | Lair:1   | Killed mishamorgan's ghost
 16716 | Lair:2   | Got a smoking broad axe
 16717 | Lair:2   | Identified the +11 broad axe of Xabran {chop, *Noise rPois rN+ Stlth+} (You found it on level 2 of the Lair of Beasts)
 17326 | Lair:2   | Reached XP level 13. HP: 88/119 MP: 16/16
 17340 | Lair:2   | Reached skill level 16 in Axes
 18578 | Lair:3   | Reached skill level 17 in Axes
 19374 | Lair:4   | Reached skill level 18 in Axes
 19399 | Lair:4   | Noticed a great orb of eyes
 19399 | Lair:4   | a five-headed hydra changed into a great orb of eyes
 19401 | Lair:4   | Paralysed by a great orb of eyes for 2 turns
 19406 | Lair:4   | Killed a great orb of eyes
 20040 | Lair:4   | Noticed Sonja
 20165 | Lair:5   | Found a labyrinth entrance.
 20171 | Lab      | Entered a labyrinth
 20895 | Lab      | Noticed Ebilmort's ghost (adept OpFE)
 20909 | Lab      | Killed Ebilmort's ghost
 20909 | Lab      | Reached XP level 14. HP: 127/132 MP: 18/18
 20963 | Lab      | Identified a scroll of acquirement
 20964 | Lab      | Got a heavily runed chain mail
 20970 | Lab      | Identified the +3 chain mail of Temp {rC+} (You acquired it in a labyrinth)
 21981 | Lair:4   | Killed Sonja
 22421 | Lair:5   | Found a staircase to the Snake Pit.
 22866 | Lair:5   | Found a staircase to the Shoals.
 22901 | Shoals:1 | Entered Level 1 of the Shoals
 23144 | Lair:7   | Noticed Rupert
 23405 | Lair:6   | Found a staircase to the Slime Pits.
 23405 | Lair:6   | Found a viscous altar of Jiyva.
 24528 | Lair:7   | Reached skill level 10 in Evocations
 24971 | Lair:7   | Reached skill level 10 in Armour
 25023 | Slime:1  | Entered Level 1 of the Pits of Slime
 25023 | Slime:1  | Noticed an acid blob
 25106 | Snake:1  | Entered Level 1 of the Snake Pit
 25136 | Snake:1  | Noticed Aizul
 25466 | D:8      | Bought a silvery potion for 20 gold pieces
 25466 | D:8      | Bought a scroll of blinking for 172 gold pieces
 25466 | D:8      | Bought a scroll of identify for 46 gold pieces
 25466 | D:8      | Bought a curved jewelled rod for 276 gold pieces
 25466 | D:8      | Identified a +4 rod of ignition (12/12) (You bought it in a shop on level 8 of the Dungeon)
 26344 | D:11     | Found a shattered altar of Ashenzari.
 27429 | D:12     | Reached XP level 15. HP: 134/138 MP: 22/22
 27879 | D:12     | Noticed Harold
 27893 | D:12     | Killed Harold
 28194 | D:12     | Noticed oldnick's ghost (novice GrFi)
 28196 | D:12     | Found Udul Egi's Jewellery Shop.
 28212 | D:12     | Bought the ring "Wewnec" {rC- Str+6 Int+3} for 452 gold pieces
 28212 | D:12     | Bought the ring "Isikuabb" {EV+3 Dex+2} for 515 gold pieces
 28212 | D:12     | Bought an uncursed amulet of guardian spirit for 480 gold pieces
 28442 | D:12     | Killed oldnick's ghost
 29188 | D:13     | Found Seoneorod's Food Boutique.
 29435 | D:13     | Reached skill level 19 in Axes
 30232 | Snake:1  | Killed Aizul
 30567 | Snake:1  | Reached skill level 20 in Axes
 31087 | Snake:1  | Got a steaming wooden ring
 31100 | Snake:1  | Identified the ring of Opnewnem {+Fly Dex+5} (You found it on level 1 of the Snake Pit)
 31506 | Snake:1  | Noticed Josephine
 31512 | Snake:1  | Killed Josephine
 31967 | Snake:1  | Reached skill level 15 in Fighting
 32548 | Snake:1  | Reached XP level 16. HP: 120/149 MP: 18/23
 33030 | Orc:2    | Found a staircase to the Elven Halls.
 33242 | Orc:2    | Paralysed by an orc sorcerer for 4 turns
 33243 | Orc:2    | Gained mutation: Your spells are a little easier to cast, but a little less powerful. [a neqoxec]
 33244 | Orc:2    | Gained mutation: You expend magic power (3 MP) to strengthen your wands. [a neqoxec]
 33547 | Orc:2    | Found Vaosaale's Assorted Antiques.
 33547 | Orc:2    | Found Lischiz's Weapon Boutique.
 33574 | Orc:2    | Found Diqupuvi's Assorted Antiques.
 33574 | Orc:2    | Found Julirphos's Gadget Emporium.
 33585 | Orc:2    | Bought the +9 armour of the Dragon King {rPois rF+ rC+ MR+} for 3244 gold pieces
 34820 | Snake:3  | Noticed a greater naga
 34979 | Snake:3  | Killed a greater naga
 34979 | Snake:3  | Reached skill level 15 in Armour
 35377 | Snake:3  | Noticed Mara
 35742 | Elf:1    | Entered Level 1 of the Elven Halls
 36389 | Lair:7   | Killed Rupert
 36865 | Lair:8   | Entered Level 8 of the Lair of Beasts
 36964 | Lair:8   | Reached XP level 17. HP: 154/158 MP: 22/24
 37013 | Lair:8   | Found a runed door.
 37645 | Lair:8   | Noticed sonic's ghost (journeyman DgFE)
 37695 | Lair:8   | Killed sonic's ghost
 38779 | D:13     | Reached skill level 10 in Dodging
 39073 | D:13     | Bought a bread ration for 50 gold pieces
 39073 | D:13     | Bought a meat ration for 50 gold pieces
 39073 | D:13     | Bought a meat ration for 50 gold pieces
 39380 | D:14     | Found a gate to the Vaults.
 39476 | D:14     | Noticed letownia's ghost (journeyman OpWz)
 39489 | D:14     | Killed letownia's ghost
 39914 | D:15     | Entered Level 15 of the Dungeon
 40317 | D:15     | Reached XP level 18. HP: 162/166 MP: 23/25
 40519 | D:15     | Found a staircase to the Depths.
 40526 | Depths:1 | Entered Level 1 of the Depths
 40526 | Depths:1 | Found a gateway to Hell.
 40929 | Shoals:1 | Reached skill level 21 in Axes
 42009 | Shoals:2 | Noticed Kirke
 42017 | Shoals:2 | Killed Kirke
 42067 | Shoals:2 | Noticed Donald
 42080 | Shoals:2 | Killed Donald
 42080 | Shoals:2 | Reached skill level 22 in Axes
 42917 | Shoals:3 | Gained mutation: You are resistant to electric shocks. [potion of mutation]
 42917 | Shoals:3 | Gained mutation: You are occasionally teleported next to monsters. [potion of mutation]
 42917 | Shoals:3 | Gained mutation: You are dopey. (Int -2) [potion of mutation]
 43373 | Shoals:4 | Entered Level 4 of the Shoals
 44328 | Shoals:4 | Reached XP level 19. HP: 150/180 MP: 22/26
 44502 | Shoals:4 | Noticed Ilsuiw
 44603 | Shoals:4 | Killed Ilsuiw
 45308 | Slime:1  | Gained mutation: You are very dopey. (Int -4) [a shining eye]
 45310 | Slime:1  | Gained mutation: You are clumsy. (Dex -2) [a shining eye]
 45684 | Snake:3  | Noticed Crag's illusion
 46213 | Elf:1    | Found Xuvug's Antique Armour Shoppe.
 46222 | Elf:1    | Bought a pair of runed gloves for 126 gold pieces
 46313 | Elf:1    | Identified the Papyrus of Evil
 46995 | Elf:2    | Found a runed gate.
 46995 | Elf:2    | Found a runed gate.
 46995 | Elf:2    | Found a runed gate.
 47043 | Elf:2    | Got a pair of heavily runed boots
 47044 | Elf:2    | Identified the +2 pair of boots of Vuqiniq {+Fly rPois rC- Dex+4} (You found it on level 2 of the Elven Halls)
 47534 | Elf:3    | Entered Level 3 of the Elven Halls
 47642 | Elf:3    | Cast into level 3 of the Abyss (a deep elf sorcerer)
 47666 | Abyss:3  | Got an abyssal rune of Zot
 47858 | Elf:3    | Escaped the Abyss
 48212 | Elf:3    | Found Dimur's Weapon Emporium.
 48351 | Elf:3    | Reached XP level 20. HP: 123/195 MP: 18/27
 48999 | Elf:2    | Noticed Avecon's ghost (adept MiBe)
 49035 | Elf:2    | Killed Avecon's ghost
 49985 | Elf:3    | HP: 8/195 [deep elf annihilator/bolt of lightning (9)]
 49985 | Elf:3    | Killed from afar by a deep elf annihilator

Skill      XL: |  1  2  3  4  5  6  7  8  9 10 11 12 13 14 15 16 17 18 19 20 |
---------------+-------------------------------------------------------------+-----
Axes           | 3 4 5 6 7 9 12 15 18 20 22 | 22.5
Fighting       | 4 5 7 12 14 15 16 18 20 | 20.4
Armour         | 4 5 8 9 12 13 16 18 19 20 | 20.0
Dodging        | 3 7 9 11 | 11.0
Evocations     | 5 6 10 | 10.0
Shields        | |  3.2

Action                   |  1- 3 |  4- 6 |  7- 9 | 10-12 | 13-15 | 16-18 | 19-21 || total
-------------------------+-------+-------+-------+-------+-------+-------+-------++-------
Melee: Hand axe          |    93 |   200 |   436 |   515 |       |       |       ||  1244
       Battleaxe         |       |       |       |   593 |       |       |       ||   593
       Broad axe         |       |       |       |    40 |  1065 |  1451 |   489 ||  3045
Invok: Potion Petition   |       |       |       |       |       |       |     2 ||     2
Evoke: Wand              |       |       |       |    10 |    28 |     4 |     1 ||    43
       Lamp of fire      |       |       |       |       |     1 |       |       ||     1
       Rod               |       |       |       |       |    25 |    15 |     8 ||    48
  Use: Scroll            |       |     9 |       |     9 |    12 |     7 |     8 ||    45
       Potion            |       |       |    10 |    11 |     5 |     3 |     3 ||    32
 Stab: Distracted        |       |       |       |     3 |     8 |    23 |     1 ||    35
       Invisible         |       |       |       |     2 |       |       |       ||     2
       Sleeping          |       |       |       |       |     2 |       |       ||     2
  Eat: Chunk             |       |     6 |    12 |     2 |       |       |       ||    20
       Fruit             |       |       |       |    15 |     5 |     8 |       ||    28
       Bread ration      |       |       |       |     4 |     3 |       |     1 ||     8
       Pizza             |       |       |       |     1 |     5 |     1 |       ||     7
       Meat ration       |       |       |       |     2 |     6 |     4 |     2 ||    14
       Royal jelly       |       |       |       |     1 |       |    10 |     3 ||    14
       Beef jerky        |       |       |       |       |     2 |       |     3 ||     5
Armor: Scale mail        |    16 |    28 |   126 |   408 |    87 |       |       ||   665
       Chain mail        |    30 |    60 |       |       |   318 |    16 |       ||   424
       Gold dragon armou |       |       |       |       |       |   705 |   300 ||  1005
Dodge: Dodged            |    25 |    33 |    82 |   397 |   313 |   497 |   212 ||  1559
Block: Shield            |    34 |    73 |   145 |   131 |   345 |   593 |   258 ||  1579
       Reflection        |       |       |       |       |       |    22 |    30 ||    52
